 Dungeon Crawl Stone Soup version 0.18.1-48-g4cf74bf (webtiles) character file.

205 TuxedoFelix the Covered (level 5, -4/46 HPs)
             Began as a Minotaur Fighter on July 27, 2016.
             Slain by an ogre
             ... wielding a +0 giant spiked club
              (10 damage)
             ... on level 4 of the Dungeon.
             The game lasted 00:15:06 (3091 turns).

TuxedoFelix the Covered (Minotaur Fighter)          Turns: 3091, Time: 00:15:07

Health: -4/46      AC: 10    Str: 21    XL:     5   Next: 52%
Magic:  4/4        EV: 14    Int:  5    God:
Gold:   174        SH: 10    Dex: 15    Spells: 0 memorised, 4 levels left

rFire  . . .     SeeInvis .     a - +0 long sword
rCold  . . .     Gourm    .     b - +0 scale mail
rNeg   . . .     Faith    .     c - +0 shield
rPois  .         Spirit   .     (helmet restricted)
rElec  .         Dismiss  .     (no cloak)
rCorr  .         Reflect  .     s - +2 pair of gloves
SustAt .         Harm     .     (no boots)
MR     .....                    (no amulet)
Stlth  +.........               (no ring)
                                (no ring)

@: agile, not resistant to hostile enchantments, very unstealthy
A: retaliatory headbutt, horns 2
a: no special abilities


You were on level 4 of the Dungeon.
You were hungry.

You visited 1 branch of the dungeon, and saw 4 of its levels.

You collected 174 gold pieces.

Inventory:

Hand Weapons
 a - a +0 long sword (weapon)
Missiles
 x - 5 tomahawks (quivered)
Armour
 b - a +0 scale mail (worn)
 c - a +0 shield (worn)
 s - a +2 pair of gloves (worn)
Scrolls
 e - 2 scrolls of teleportation {unknown}
 g - a scroll of fear {unknown}
 i - 2 scrolls of identify {unknown}
 l - a scroll of fog {unknown}
 o - 3 scrolls of recharging {unknown}
 p - 2 scrolls of remove curse {unknown}
 r - 3 scrolls of enchant armour {unknown}
 v - a scroll of blinking {unknown}
 y - a scroll of amnesia {unknown}
 z - a scroll of immolation {unknown}
 A - 3 scrolls of magic mapping {unknown}
Potions
 d - 2 potions of might
 h - a potion of degeneration {unknown}
 j - a potion of brilliance {unknown}
 k - a potion of cure mutation {unknown}
 q - 2 potions of mutation {unknown}
 t - a potion of curing {unknown}
Comestibles
 f - 2 bread rations
 n - 2 meat rations
 u - 2 beef jerkies
 w - 4 fruits
 B - 4 chunks of flesh


   Skills:
 - Level 4.1 Fighting
 * Level 3.8 Long Blades
 * Level 5.0 Armour
 * Level 2.1 Dodging
 - Level 0.1 Stealth
 * Level 5.0 Shields


You had 4 spell levels left.
You didn't know any spells.

Dungeon Overview and Level Annotations

Branches:
Dungeon (4/15)
 Temple: D:4-7

Altars:
Makhleb
Pakellas
Sif Muna


Innate Abilities, Weirdness & Mutations

You reflexively headbutt those who attack you in melee.
You have a pair of horns on your head.


Message History

Your Dodging skill increases to level 2!
Your Shields skill increases to level 5!
The ogre hits you with a giant spiked club!
* * * LOW HITPOINT WARNING * * *
You feel agile all of a sudden.
Things that are here:
a dagger; a robe
Found a stone staircase leading up.
An orc wizard comes into view. It is wielding a dagger.
The orc wizard shouts!
The orc wizard points at you and mumbles some strange words.
You resist with some effort.
The orc wizard casts a spell.
The orc wizard flickers and vanishes!
Deactivating autopickup; reactivate with Ctrl-A.
The ogre misses you. The ogre hits you but does no damage.
Found a scroll labeled ZUDIV VASU.
The ogre hits you with a giant spiked club!
You die...

########
#.######
#....@.#######
#######O.......
....?...#######
.######.# #.# #
#.# #.##.#### .
#.......# #.
####.##.####.


You could see an ogre.

Vanquished Creatures
  2 orc wizards (D:4)
  4 adders
  A shadow imp (D:3)
  An ooze (D:1)
  A worm (D:2)
  2 dart slugs (D:3)
  A giant gecko (D:3)
  8 orcs
  7 giant cockroaches
  12 goblins
  8 hobgoblins
  5 jackals
  5 kobolds
  A quokka (D:3)
  2 ball pythons (D:3)
  9 bats
  8 giant newts
  11 rats
88 creatures vanquished.

Vanquished Creatures (others)
  A hippogriff (D:3)
1 creature vanquished.

Grand Total: 89 creatures vanquished

Notes
Turn   | Place    | Note
--------------------------------------------------------------
     0 | D:1      | TuxedoFelix the Minotaur Fighter began the quest for the Orb.
     0 | D:1      | Reached XP level 1. HP: 19/19 MP: 0/0
   425 | D:1      | Reached XP level 2. HP: 27/27 MP: 1/1
   582 | D:1      | You fall through a shaft!
   843 | D:2      | Reached XP level 3. HP: 30/33 MP: 2/2
  1150 | D:2      | Found a deep blue altar of Sif Muna.
  1549 | D:1      | Reached XP level 4. HP: 40/40 MP: 3/3
  1633 | D:1      | Reached skill level 1 in Dodging
  2548 | D:3      | Found a burning altar of Makhleb.
  2671 | D:3      | Found an oddly glowing altar of Pakellas.
  2671 | D:3      | Noticed an orange crystal statue
  2673 | D:3      | Noticed a hippogriff
  2703 | D:3      | Killed a hippogriff
  2913 | D:4      | Reached XP level 5. HP: 46/46 MP: 4/4
  3052 | D:4      | Noticed an ogre
  3059 | D:4      | Reached skill level 5 in Armour
  3059 | D:4      | Reached skill level 5 in Shields
  3059 | D:4      | HP: 1/46 [ogre/giant spiked club (11)]
  3091 | D:4      | Slain by an ogre

Skill      XL: |  1  2  3  4  5 |
---------------+----------------+-----
Shields        | 4 5 |  5.0
Armour         | 4 5 |  5.0
Fighting       | 4 |  4.1
Long Blades    | 3 |  3.8
Dodging        | 1 2 |  2.1
Stealth        | |  0.1

Action                   |  1- 3 |  4- 6 || total
-------------------------+-------+-------++-------
Melee: Long sword        |    82 |   118 ||   200
       Headbutt          |    18 |    19 ||    37
  Use: Potion            |       |     1 ||     1
  Eat: Chunk             |     2 |       ||     2
       Bread ration      |       |     1 ||     1
Armor: Scale mail        |    42 |    56 ||    98
Dodge: Dodged            |    34 |    29 ||    63
Block: Shield            |    49 |    62 ||   111
